[Event "Titled Tuesday Blitz October 31 Early 2023"]
[White "Dmitrenko, Viktor"]
[Black "Souza, Gustavo Horokoski De"]
[WhiteFideId "14110270"]
[BlackFideId "2146584"]
[WhiteElo "2371"]
[BlackElo "2155"]
[Result "0-1"]
[Round "9"]
[TimeControl "180+1"]
[Date "2023.10.31"]
[WhiteClock "0:00:00"]
[BlackClock "0:00:05"]
[Board "112"]

1. e4 e6 2. d4 d5 3. e5 c5 4. c3 Nc6 5. Nf3 Bd7 6. Be2 Nh6 7. Na3 cxd4 8. cxd4 Bxa3 9. bxa3 Nf5 10. O-O Qb6 11. Bd3 Nfxd4 12. Nxd4 Qxd4 13. Rb1 Nxe5 14. Be2 Qxd1 15. Rxd1 Bc6 16. Bb2 f6 17. Re1 O-O 18. Bxe5 fxe5 19. Bg4 e4 20. Bxe6+ Kh8 21. Rbd1 Rad8 22. Rd4 Rd6 23. Bg4 g6 24. Red1 Rdf6 25. R1d2 h5 26. Bd1 e3 27. Re2 exf2+ 28. Kf1 Bb5 29. Rxd5 Bxe2+ 30. Bxe2 Kg7 31. Bc4 R8f7 32. Rd2 Rc7 33. Be2 Rc1+ 34. Bd1 Ra1 35. Rd7+ Rf7 36. Rd2 Rc1 37. g3 Rc5 38. h4 Rcf5 39. Be2 Rc7 40. Rd1 Rc2 41. Rb1 Rxa2 42. Rxb7+ Kh6 43. Rb1 Rxa3 44. Bc4 Rxg3 0-1


[Site "https://www.chess.com"]

[Event "Titled Tuesday Blitz October 31 Early 2023"]
[White "Silvestre, Christian"]
[Black "Pumpkin_in_moonlight"]
[WhiteFideId "30956269"]
[WhiteElo "2118"]
[BlackElo "2352"]
[Result "1/2-1/2"]
[Round "9"]
[TimeControl "180+1"]
[Date "2023.10.31"]
[WhiteClock "0:00:54"]
[BlackClock "0:00:50"]
[Board "113"]

1. e4 e5 2. Nf3 Nc6 3. g3 Nf6 4. d3 d5 5. Nbd2 h6 6. h3 Be6 7. Bg2 Qd7 8. Qe2 d4 9. Nc4 Bd6 10. a3 a5 11. Bd2 a4 12. Nxd6+ cxd6 13. Nh4 Ne7 14. f4 Qb5 15. fxe5 dxe5 16. O-O Qxb2 17. Rfb1 Qxc2 18. Rc1 Qb2 19. Rcb1 1/2-1/2


[Site "https://www.chess.com"]

[Event "Titled Tuesday Blitz October 31 Early 2023"]
[White "Zaksaite, Salomeja"]
[Black "Phillips, Rene"]
[WhiteFideId "12801496"]
[BlackFideId "2056275"]
[WhiteElo "2338"]
[BlackElo "2042"]
[Result "0-1"]
[Round "9"]
[TimeControl "180+1"]
[Date "2023.10.31"]
[WhiteClock "0:01:26"]
[BlackClock "0:01:15"]
[Board "114"]

1. e4 Nc6 2. Nc3 Nf6 3. d4 d5 4. e5 Nd7 5. f4 Nb6 6. Nf3 Bg4 7. Be2 e6 8. Be3 Be7 9. O-O O-O 10. Qd2 Na5 11. b3 Nc6 12. Nd1 a6 13. Nf2 Bf5 14. g4 Be4 15. c3 h6 16. Nxe4 dxe4 17. Ne1 f5 18. exf6 Bxf6 19. Ng2 Nd5 20. Rad1 b5 21. Qe1 b4 22. cxb4 Ncxb4 23. Bc4 Nc2 24. g5 Nxe1 0-1


[Site "https://www.chess.com"]

[Event "Titled Tuesday Blitz October 31 Early 2023"]
[White "ssgm49"]
[Black "Dishman, Stephen"]
[BlackFideId "403024"]
[WhiteElo "1971"]
[BlackElo "2333"]
[Result "0-1"]
[Round "9"]
[TimeControl "180+1"]
[Date "2023.10.31"]
[WhiteClock "0:00:00"]
[BlackClock "0:00:18"]
[Board "115"]

1. Nf3 d5 2. d4 e6 3. c4 a6 4. e3 Nf6 5. Nc3 c5 6. cxd5 exd5 7. Be2 Nc6 8. O-O c4 9. Ne5 Bd6 10. f4 O-O 11. Bf3 Bf5 12. Nxd5 Nxd5 13. Bxd5 Bxe5 14. Bxc6 Bf6 15. Bxb7 Rb8 16. Bf3 Qb6 17. Qd2 Rfc8 18. Rd1 Bd3 19. Qc3 Be7 20. a3 Qg6 21. b4 Be4 22. Bxe4 Qxe4 23. Ra2 a5 24. bxa5 Rb3 25. Qc2 Rd3 26. Rxd3 Qxd3 27. Qxd3 cxd3 28. Bd2 Rb8 29. e4 Bd8 30. e5 Ra8 31. d5 Bxa5 32. Bxa5 Rxa5 33. d6 Rd5 34. Rd2 f6 35. exf6 gxf6 0-1


[Site "https://www.chess.com"]

[Event "Titled Tuesday Blitz October 31 Early 2023"]
[White "Gurevich, Dmitry"]
[Black "Vifleemskaia, Svetlana"]
[WhiteFideId "2000407"]
[BlackFideId "4129490"]
[WhiteElo "2525"]
[BlackElo "2259"]
[Result "1-0"]
[Round "9"]
[TimeControl "180+1"]
[Date "2023.10.31"]
[WhiteClock "0:00:05"]
[BlackClock "0:00:00"]
[Board "116"]

1. d4 Nf6 2. c4 e6 3. Nf3 Bb4+ 4. Bd2 Qe7 5. g3 Nc6 6. Bg2 O-O 7. O-O Bxd2 8. Qxd2 d6 9. Nc3 a5 10. e4 e5 11. d5 Nb8 12. Ne1 Nbd7 13. Nd3 b6 14. b3 Nc5 15. Nxc5 bxc5 16. h3 Nh5 17. Kh2 g6 18. Rae1 Kg7 19. Bf3 Nf6 20. Bg2 Nh5 21. f4 f5 22. exf5 gxf5 23. fxe5 h6 24. e6 Bb7 25. Ne2 Qg5 26. Qxg5+ hxg5 27. a4 Rae8 28. Ng1 f4 29. Ne2 Rf6 30. Bf3 fxg3+ 31. Nxg3 Nf4 32. Bg4 Ref8 33. Rf3 Rh8 34. Ref1 c6 35. Nf5+ Rxf5 36. Bxf5 cxd5 37. cxd5 Bxd5 38. Re3 Kf6 39. Bg4 Re8 40. Rd1 Re7 41. Rd2 Rb7 42. Rf2 Bxb3 43. h4 c4 44. Kg3 Re7 45. hxg5+ Kxg5 46. Rxf4 d5 47. Rf5+ Kg6 48. Rxd5 c3 49. Rc5 c2 50. Rxb3 1-0


[Site "https://www.chess.com"]

[Event "Titled Tuesday Blitz October 31 Early 2023"]
[White "De Souza, Cristiano Gomes"]
[Black "Baches Garcia, Guillermo"]
[WhiteFideId "2151758"]
[BlackFideId "2209764"]
[WhiteElo "2251"]
[BlackElo "2504"]
[Result "0-1"]
[Round "9"]
[TimeControl "180+1"]
[Date "2023.10.31"]
[WhiteClock "0:02:09"]
[BlackClock "0:00:55"]
[Board "117"]

1. d4 d5 2. c4 e6 3. Nf3 h6 4. Nc3 Nf6 5. Bf4 Bd6 6. Bxd6 Qxd6 7. e3 O-O 8. Ne5 c5 9. Be2 cxd4 10. exd4 dxc4 11. Nxc4 Qe7 12. O-O Rd8 13. Bf3 Nc6 14. d5 exd5 15. Nxd5 Nxd5 16. Bxd5 Be6 17. Ne3 Bxd5 18. Nxd5 Qe5 19. Re1 Rxd5 20. Rxe5 Rxd1+ 21. Rxd1 Nxe5 22. f4 Nc4 23. Rd7 Nxb2 24. Rxb7 Nd3 25. g3 a5 26. Kf1 a4 27. Ke2 Nc5 28. Rb4 Kf8 29. Ke3 Ke7 30. Kd4 Ne6+ 31. Kc3 f5 32. Kb2 g5 33. Ka3 Kd6 34. fxg5 hxg5 35. Rxa4 Rxa4+ 36. Kxa4 f4 37. gxf4 gxf4 0-1


[Site "https://www.chess.com"]

[Event "Titled Tuesday Blitz October 31 Early 2023"]
[White "Kahlert, Thomas"]
[Black "Feliz Dotel, Dewar Bienvenido"]
[WhiteFideId "4625242"]
[BlackFideId "6402801"]
[WhiteElo "2376"]
[BlackElo "2153"]
[Result "1-0"]
[Round "9"]
[TimeControl "180+1"]
[Date "2023.10.31"]
[WhiteClock "0:00:20"]
[BlackClock "0:00:04"]
[Board "118"]

1. c4 Nf6 2. Nc3 e6 3. e4 d5 4. e5 Ne4 5. Nf3 Nxc3 6. dxc3 c6 7. Bf4 Be7 8. Qc2 O-O 9. O-O-O Qa5 10. Kb1 Nd7 11. Bd3 h6 12. Rhe1 dxc4 13. Bxc4 Nb6 14. Bd3 Nd5 15. Bc1 b5 16. Qe2 b4 17. Qe4 f5 18. exf6 Nxf6 19. Qxc6 bxc3 20. Qxc3 Qxc3 21. bxc3 Rb8+ 22. Kc2 Nd5 23. Bc4 Bf6 24. Nd4 Bxd4 25. Rxd4 Rxf2+ 26. Re2 Rxe2+ 27. Bxe2 Bd7 28. Bc4 Rf8 29. Re4 Rf2+ 30. Re2 Rxe2+ 31. Bxe2 e5 32. c4 Nf6 33. Bb2 Bc6 34. g3 Nd7 35. Kc3 Kf7 36. Kb4 Kf6 37. Bc1 g5 38. Ka5 Be4 39. Be3 Bb1 40. a3 e4 41. Bxa7 Bd3 42. Bxd3 exd3 43. Be3 Nc5 44. Kb6 Ne4 45. c5 Ke6 46. c6 Nd6 47. Kc5 Nf5 48. Bd2 Ne7 49. a4 Nc8 50. a5 Ke7 51. Kc4 Kd6 52. Kxd3 Kxc6 53. Ke4 Nd6+ 54. Kd4 Nf5+ 55. Ke5 Ne7 56. Kf6 Nd5+ 57. Kg6 Ne7+ 58. Kxh6 g4 59. Kg5 Nc8 60. Kxg4 Nd6 61. h4 Kb5 62. h5 Ne4 63. Be1 Nf6+ 64. Kg5 Ne4+ 65. Kg6 Nc5 66. h6 Nd3 67. Bd2 Ne5+ 68. Kg7 Nc4 69. Be1 Nd6 70. h7 Nf5+ 71. Kf6 Nh6 72. h8=Q Ng4+ 73. Kg5 Ne3 74. Qe8+ Ka6 75. Qxe3 Kb7 76. Qb6+ Ka8 77. Qe6 Kb7 78. Bf2 Ka8 79. Qd7 Kb8 80. a6 Ka8 81. Qb7# 1-0


[Site "https://www.chess.com"]

[Event "Titled Tuesday Blitz October 31 Early 2023"]
[White "Josgar05"]
[Black "DonCiao"]
[WhiteElo "2341"]
[BlackElo "2142"]
[Result "0-1"]
[Round "9"]
[TimeControl "180+1"]
[Date "2023.10.31"]
[WhiteClock "0:02:05"]
[BlackClock "0:00:55"]
[Board "119"]

1. Nf3 Nf6 2. g3 g6 3. Bg2 Bg7 4. O-O d5 5. d3 O-O 6. Nbd2 Nc6 7. e4 e5 8. Re1 d4 9. h3 Nd7 10. c3 Nc5 11. cxd4 Nxd3 12. d5 Nxe1 13. Qxe1 Nd4 14. Nc4 Nc2 15. Qd1 Nxa1 16. Bg5 f6 17. Be3 c6 18. d6 Be6 19. b3 Nxb3 20. axb3 b5 21. Nb2 a5 22. Bc5 a4 23. bxa4 bxa4 24. Nxa4 Qa5 25. Nb6 Qxc5 26. Nxa8 Rxa8 27. Qd2 Rd8 28. Bf1 Rxd6 29. Qb2 Rd8 30. Qb7 Rd1 31. Qa8+ Bf8 32. Qe8 Bc4 33. Nh4 Rxf1+ 34. Kh2 Qxf2+ 35. Ng2 Qg1# 0-1


[Site "https://www.chess.com"]

[Event "Titled Tuesday Blitz October 31 Early 2023"]
[White "Tarnowska, Aleksandra"]
[Black "Harriott, Tyrell"]
[WhiteFideId "1180967"]
[BlackFideId "2086484"]
[WhiteElo "2163"]
[BlackElo "2309"]
[Result "0-1"]
[Round "9"]
[TimeControl "180+1"]
[Date "2023.10.31"]
[WhiteClock "0:00:05"]
[BlackClock "0:00:22"]
[Board "120"]

1. e4 d5 2. exd5 Nf6 3. d4 Qxd5 4. Nc3 Qa5 5. Nf3 Bg4 6. h3 Bh5 7. g4 Bg6 8. Bg2 Ne4 9. O-O Nxc3 10. bxc3 c6 11. c4 e6 12. Bf4 Nd7 13. Nh4 Be7 14. Nxg6 hxg6 15. d5 cxd5 16. cxd5 e5 17. Bg3 Bd6 18. c4 Qc5 19. Qb3 b6 20. Rae1 O-O 21. Kh1 f5 22. gxf5 gxf5 23. f4 e4 24. Bf2 Qc7 25. Be3 Nc5 26. Qc3 Nd3 27. Re2 Bxf4 28. Bxf4 Nxf4 29. Ref2 Nxg2 30. Rxg2 f4 31. Qd4 Rae8 32. d6 Qd7 33. Rfg1 Rf7 34. Qd5 Re6 35. Qa8+ Kh7 36. Qd5 Rh6 37. Rh2 e3 38. Qe4+ Kh8 39. Qa8+ Kh7 40. Qe4+ g6 41. Qf3 Qxd6 42. Rg4 Qe6 43. Rhg2 e2 44. Rxe2 Qf5 45. Kg2 Rh5 46. Qc3 Rg5 47. Rxg5 Qxg5+ 48. Kf1 f3 49. Rf2 Qg3 50. Ke1 Re7+ 51. Kf1 Qxh3+ 52. Kg1 Re6 53. Qxf3 Qxf3 54. Rxf3 Re4 55. Rc3 Re5 56. a3 Rf5 57. Kg2 Kg7 58. Kg3 Kf6 59. Kg4 g5 60. Rd3 Rf4+ 61. Kh5 Rxc4 62. Rd6+ Kf5 63. Rd5+ Kf6 64. Rd6+ Ke5 65. Rd7 g4 66. Re7+ Kd6 67. Rxa7 Kc6 68. Rg7 Kb5 69. Rxg4 Rxg4 70. Kxg4 Ka4 71. Kf3 Kxa3 72. Ke2 b5 73. Kd1 Ka2 74. Kc2 b4 75. Kd3 b3 76. Kc4 b2 0-1


[Site "https://www.chess.com"]

[Event "Titled Tuesday Blitz October 31 Early 2023"]
[White "Fominykh, Maria"]
[Black "Elbebiber"]
[WhiteFideId "4142411"]
[WhiteElo "2267"]
[BlackElo "2141"]
[Result "1-0"]
[Round "9"]
[TimeControl "180+1"]
[Date "2023.10.31"]
[WhiteClock "0:00:30"]
[BlackClock "0:00:07"]
[Board "121"]

1. d4 e6 2. Nf3 Nf6 3. c4 d5 4. Nc3 c6 5. Bg5 Be7 6. cxd5 exd5 7. e3 h6 8. Bh4 Bf5 9. Ne5 Ne4 10. Bxe7 Qxe7 11. Bd3 Nd6 12. O-O Bxd3 13. Qxd3 O-O 14. f4 Nd7 15. Rf3 Nf6 16. Raf1 Nfe4 17. f5 Qc7 18. f6 g5 19. Rh3 Kh7 20. Ng4 Rh8 21. Rxh6+ Kg8 22. Qe2 Qd7 23. Rxh8+ Kxh8 24. Ne5 Qe6 25. Qh5+ Kg8 26. Nxe4 Nxe4 27. Qh6 Nxf6 28. Rxf6 1-0


[Site "https://www.chess.com"]

[Event "Titled Tuesday Blitz October 31 Early 2023"]
[White "Burke, Carol Ann"]
[Black "Ng, Gary"]
[WhiteFideId "11104643"]
[BlackFideId "2604914"]
[WhiteElo "2711"]
[BlackElo "2262"]
[Result "1-0"]
[Round "9"]
[TimeControl "180+1"]
[Date "2023.10.31"]
[WhiteClock "0:02:00"]
[BlackClock "0:02:06"]
[Board "122"]

1. d4 Nf6 2. c4 e6 3. Nc3 Bb4 4. Qc2 O-O 5. a3 Bxc3+ 6. Qxc3 Ne4 7. Qc2 d5 8. Nf3 b6 9. Bf4 c5 10. e3 cxd4 11. Nxd4 Re8 12. Bxb8 Rxb8 13. Nc6 Qd6 14. Nxb8 Qxb8 15. Bd3 Ba6 16. Bxe4 dxe4 17. O-O Qe5 18. Rfd1 f5 19. Qa4 1-0


[Site "https://www.chess.com"]

[Event "Titled Tuesday Blitz October 31 Early 2023"]
[White "Nanu, Costica-Ciprian"]
[Black "Vila Dupla, Aurelio"]
[WhiteFideId "1204580"]
[BlackFideId "2203383"]
[WhiteElo "2581"]
[BlackElo "2243"]
[Result "1-0"]
[Round "9"]
[TimeControl "180+1"]
[Date "2023.10.31"]
[WhiteClock "0:00:34"]
[BlackClock "0:00:00"]
[Board "123"]

1. g3 d5 2. Bg2 Nf6 3. Nf3 g6 4. O-O Bg7 5. d3 O-O 6. Nc3 c5 7. e4 Nc6 8. h3 h6 9. e5 Nh7 10. Re1 Be6 11. Nb1 b5 12. Nbd2 b4 13. Nb3 Qb6 14. Be3 d4 15. Bc1 c4 16. dxc4 Rfd8 17. Nbxd4 Nxd4 18. Be3 Nxf3+ 19. Qxf3 Qc7 20. b3 Bxe5 21. Rad1 Bg7 22. Kh2 Ng5 23. Qe2 Rac8 24. Bf4 Qb6 25. h4 Nh7 26. Qf1 Nf6 27. Be3 Ng4+ 28. Kg1 Nxe3 29. Rxe3 Rxd1 30. Qxd1 Rd8 31. Qe2 Bc3 32. Rd3 Rxd3 33. Qxd3 Qd4 34. Qf3 Kg7 35. h5 g5 36. Qe2 Qf6 37. c5 Bd4 38. c6 Bb6 39. Be4 Bf5 40. Bf3 Be6 41. Kg2 Qd4 42. Kg1 Kf8 43. Kf1 Ke8 44. Kg1 Kd8 45. Kf1 Kc7 46. Kg1 g4 47. Bg2 1-0


[Site "https://www.chess.com"]

[Event "Titled Tuesday Blitz October 31 Early 2023"]
[White "Iskusnyh, Sergei"]
[Black "parintele_chess"]
[WhiteFideId "4120027"]
[WhiteElo "2545"]
[BlackElo "2243"]
[Result "0-1"]
[Round "9"]
[TimeControl "180+1"]
[Date "2023.10.31"]
[WhiteClock "0:00:00"]
[BlackClock "0:00:04"]
[Board "124"]

1. Nf3 Nf6 2. e3 d5 3. Be2 g6 4. O-O Bg7 5. b3 O-O 6. Bb2 c5 7. d4 Nc6 8. c4 cxd4 9. exd4 Bg4 10. h3 Bf5 11. Nbd2 Ne4 12. c5 b6 13. cxb6 Qxb6 14. Ne5 Nxd4 15. Ndf3 Nxe2+ 16. Qxe2 Ng3 17. Qd2 Nxf1 18. Rxf1 Rac8 19. Bd4 Qa6 20. Qf4 f6 21. Ng4 e5 22. Nh6+ Bxh6 23. Qxh6 exd4 24. Nxd4 Qd3 25. Nf3 Rc2 26. Qh4 Qe4 27. Qg3 Rxa2 28. Qd6 Rb2 29. Re1 Rb1 30. Rxb1 Qxb1+ 31. Kh2 Qxb3 32. Qg3 Qb7 33. Qh4 a5 34. g4 Be6 35. g5 fxg5 36. Nxg5 Rxf2+ 37. Qxf2 Qc7+ 0-1


[Site "https://www.chess.com"]

[Event "Titled Tuesday Blitz October 31 Early 2023"]
[White "Thomas, Anysia"]
[Black "vishwa_vijeta"]
[WhiteFideId "670472"]
[WhiteElo "2236"]
[BlackElo "2475"]
[Result "0-1"]
[Round "9"]
[TimeControl "180+1"]
[Date "2023.10.31"]
[WhiteClock "0:00:00"]
[BlackClock "0:01:01"]
[Board "125"]

1. d4 Nf6 2. c4 g6 3. Nc3 d5 4. cxd5 Nxd5 5. e4 Nxc3 6. bxc3 Bg7 7. Be3 c5 8. Nf3 O-O 9. Be2 Nc6 10. O-O Bg4 11. e5 Qa5 12. Qb3 Rad8 13. Rfd1 b6 14. h3 cxd4 15. cxd4 Be6 16. Bc4 Bxc4 17. Qxc4 Rc8 18. Rac1 h6 19. e6 Nxd4 20. exf7+ Kh7 21. Qxc8 Nxf3+ 22. gxf3 Rxc8 23. Rxc8 Qf5 24. Rc7 Qxf7 25. Rdd7 Bf6 26. Bf4 Qxa2 27. Bd6 Kg8 28. Bxe7 Be5 29. Kg2 Bxc7 30. Rxc7 Kf7 0-1


[Site "https://www.chess.com"]

[Event "Titled Tuesday Blitz October 31 Early 2023"]
[White "Seletsky, Grigory"]
[Black "Rodriguez Dominguez, Melissa"]
[WhiteFideId "14112191"]
[BlackFideId "3517560"]
[WhiteElo "2474"]
[BlackElo "2196"]
[Result "0-1"]
[Round "9"]
[TimeControl "180+1"]
[Date "2023.10.31"]
[WhiteClock "0:00:06"]
[BlackClock "0:00:12"]
[Board "126"]

1. e4 c5 2. Nc3 a6 3. d3 b5 4. f4 Bb7 5. Nf3 e6 6. g3 d5 7. Qe2 b4 8. Nd1 dxe4 9. dxe4 Nf6 10. Nf2 a5 11. Bg2 Ba6 12. Qe3 Be7 13. b3 O-O 14. Bb2 Nbd7 15. O-O-O Qc7 16. Kb1 c4 17. Bd4 c3 18. g4 a4 19. g5 Nh5 20. e5 axb3 21. Ne1 Qa5 22. cxb3 Bd3+ 23. Nfxd3 Qxa2+ 24. Kc1 Qa1+ 25. Kc2 Ra2+ 26. Nb2 Rxb2+ 27. Kd3 Qxd1+ 28. Ke4 Re2 29. Bf3 Qb1+ 30. Nd3 Rxe3+ 31. Kxe3 Qxb3 32. Bxh5 c2 33. Ra1 Nc5 34. Bxc5 Bxc5+ 35. Ke2 Qc4 36. Ra5 Bd4 37. Kd2 Qc3+ 38. Ke2 b3 39. Rb5 b2 40. Nc1 bxc1=Q 0-1


[Site "https://www.chess.com"]

[Event "Titled Tuesday Blitz October 31 Early 2023"]
[White "Aash20"]
[Black "Mr_November18"]
[WhiteElo "2457"]
[BlackElo "2137"]
[Result "1-0"]
[Round "9"]
[TimeControl "180+1"]
[Date "2023.10.31"]
[WhiteClock "0:02:29"]
[BlackClock "0:01:18"]
[Board "127"]

1. e4 c5 2. Nf3 d6 3. d4 cxd4 4. Qxd4 Nf6 5. e5 Nc6 6. Bb5 dxe5 7. Qxd8+ Kxd8 8. Bxc6 bxc6 9. Nxe5 Be6 10. Nxc6+ Kc7 11. Nd4 Bd5 12. O-O e5 13. Nb3 a5 14. Nc3 a4 15. Nd2 Be6 16. Nf3 e4 17. Ng5 Bc4 18. Re1 Bb4 19. Ngxe4 Rhe8 20. Bf4+ Kc6 21. Nxf6 Rxe1+ 22. Rxe1 gxf6 23. Re4 Kc5 24. Be3+ 1-0


[Site "https://www.chess.com"]

[Event "Titled Tuesday Blitz October 31 Early 2023"]
[White "Van Essen, Mark"]
[Black "Guevara Sanchez, Erick Marvin"]
[WhiteFideId "1012819"]
[BlackFideId "6700136"]
[WhiteElo "2325"]
[BlackElo "2131"]
[Result "0-1"]
[Round "9"]
[TimeControl "180+1"]
[Date "2023.10.31"]
[WhiteClock "0:00:00"]
[BlackClock "0:00:03"]
[Board "128"]

1. e4 c5 2. Nf3 d6 3. d4 cxd4 4. Nxd4 Nf6 5. Nc3 a6 6. Be3 e5 7. Nb3 Be7 8. Be2 Be6 9. O-O Nbd7 10. a4 Rc8 11. a5 Rxc3 12. bxc3 Nxe4 13. Qd3 Nef6 14. c4 e4 15. Qd2 Ne5 16. Qb4 d5 17. Qxb7 dxc4 18. Nc5 Bc8 19. Qb2 Qc7 20. Qb6 Qxb6 21. axb6 Bxc5 22. Bxc5 Bb7 23. Bd6 Ned7 24. Bxc4 Nxb6 25. Bxa6 Bxa6 26. Rxa6 Nc8 27. Ba3 Nd7 28. Re1 f5 29. f3 Nf6 30. fxe4 Nxe4 31. Rd1 Kf7 32. Ra8 Re8 33. Rd7+ Kg6 34. Rc7 Ncd6 35. Rxe8 Nxe8 36. Ra7 N8f6 37. Kf1 Ng4 38. h3 Ne3+ 39. Ke2 Nxc2 40. Bf8 Nd4+ 41. Kd3 Ne6 42. Ba3 Nf4+ 43. Kd4 Nf6 44. Bf8 Ne6+ 45. Ke5 Nxf8 46. Kf4 Ne6+ 47. Kf3 Ng5+ 48. Kf2 Nge4+ 49. Kf3 Ng5+ 50. Kf4 Ne6+ 51. Kf3 h5 52. g3 Kg5 53. Rb7 g6 54. Ra7 Nd5 55. h4+ Kf6 56. Ra6 Ke5 57. Ra7 Nd4+ 58. Kf2 Nf6 59. Ra6 Ng4+ 60. Kg2 Ne6 61. Rb6 f4 62. gxf4+ Nxf4+ 63. Kg3 Ne2+ 64. Kg2 Kf5 65. Rb5+ Ke4 66. Rb6 Nf4+ 67. Kg3 Ne2+ 68. Kg2 Kf5 69. Rb5+ Ne5 70. Ra5 Nd4 71. Ra6 Ne6 72. Kh3 Nf4+ 73. Kg3 Ne2+ 74. Kh3 Nd4 75. Kg3 g5 76. hxg5 Kxg5 77. Ra5 Nf5+ 78. Kh3 Ng4 79. Rb5 h4 80. Kg2 Ne3+ 81. Kh2 Ng4+ 82. Kh3 Nf2+ 83. Kg2 Ne4 84. Rb4 Kf4 85. Kh2 Kf3 86. Kh3 Nf2+ 87. Kh2 h3 88. Rb5 Ne3 89. Rb3 Kf4 90. Ra3 Neg4+ 0-1


[Site "https://www.chess.com"]

[Event "Titled Tuesday Blitz October 31 Early 2023"]
[White "Lohani, Sujana"]
[Black "Barbot, Pierre"]
[WhiteFideId "12311987"]
[BlackFideId "663727"]
[WhiteElo "1976"]
[BlackElo "2322"]
[Result "0-1"]
[Round "9"]
[TimeControl "180+1"]
[Date "2023.10.31"]
[WhiteClock "0:00:50"]
[BlackClock "0:01:17"]
[Board "129"]

1. d4 Nf6 2. Nf3 d5 3. c4 c6 4. g3 dxc4 5. Bg2 Bf5 6. Nc3 Nbd7 7. O-O e6 8. Nd2 Nb6 9. e4 Bg6 10. e5 Nfd5 11. Qe2 Nb4 12. Nxc4 Bd3 13. Nxb6 Bxe2 14. Nxe2 axb6 15. a3 Nd5 16. Bd2 Be7 0-1


[Site "https://www.chess.com"]

[Event "Titled Tuesday Blitz October 31 Early 2023"]
[White "Pavlidou, Ekaterini"]
[Black "Ghosh, Chanchal Kumer"]
[WhiteFideId "4213262"]
[BlackFideId "10201858"]
[WhiteElo "2320"]
[BlackElo "1975"]
[Result "1-0"]
[Round "9"]
[TimeControl "180+1"]
[Date "2023.10.31"]
[WhiteClock "0:00:12"]
[BlackClock "0:00:00"]
[Board "130"]

1. d4 d5 2. c4 e6 3. Nf3 Nf6 4. cxd5 exd5 5. Bg5 Be7 6. e3 O-O 7. Bd3 b6 8. Nc3 a6 9. O-O Bg4 10. h3 Bh5 11. Be2 Nbd7 12. Ne5 Bxe2 13. Nxe2 h6 14. Nc6 Qe8 15. Bf4 Rc8 16. Rc1 Bd8 17. Qa4 a5 18. Rc2 Nb8 19. Rfc1 Nxc6 20. Rxc6 Ne4 21. b3 Qe7 22. Rxb6 Qh4 23. Bg3 Nxg3 24. Nxg3 Bg5 25. Rbc6 Bxe3 26. R6c3 Bxd4 27. Rd3 Be5 28. Qxh4 c6 29. Nf5 Bf6 30. Qg4 Kh8 31. Rg3 Rg8 32. Nxh6 gxh6 33. Qf5 Bg7 34. Rxg7 Kxg7 35. Rc3 Rcf8 36. Rg3+ Kh8 37. Qf6+ Kh7 38. Rxg8 Kxg8 39. Qxc6 Re8 40. Qxd5 Kg7 41. Qxa5 Re6 42. Qc3+ Kh7 43. a4 Rd6 44. a5 Rd1+ 45. Kh2 Rd6 46. b4 Rg6 47. b5 h5 48. b6 Rg5 49. b7 Rg8 50. a6 Kg6 51. a7 1-0


[Site "https://www.chess.com"]

[Event "Titled Tuesday Blitz October 31 Early 2023"]
[White "Desideri, Ricardo Maruchi"]
[Black "Szente Varga, Fruzsina"]
[WhiteFideId "2110440"]
[BlackFideId "712264"]
[WhiteElo "1965"]
[BlackElo "2304"]
[Result "0-1"]
[Round "9"]
[TimeControl "180+1"]
[Date "2023.10.31"]
[WhiteClock "0:00:13"]
[BlackClock "0:00:58"]
[Board "131"]

1. e4 e5 2. f4 d6 3. Nf3 Bg4 4. c3 Nc6 5. Bb5 Ne7 6. d4 exd4 7. cxd4 d5 8. e5 a6 9. Be2 Bxf3 10. Bxf3 Nf5 11. Nc3 Ncxd4 12. Nxd5 c6 13. Nc3 Qh4+ 14. g3 Nxg3 15. hxg3 Qxg3+ 16. Kf1 Nxf3 17. Ne4 Nh2+ 18. Rxh2 Qxh2 19. Nd6+ Bxd6 20. Qxd6 Rd8 0-1


[Site "https://www.chess.com"]

[Event "Titled Tuesday Blitz October 31 Early 2023"]
[White "Viskelis, Darius"]
[Black "IsaqueGoncalvesSanto"]
[WhiteFideId "12800830"]
[WhiteElo "2302"]
[BlackElo "1815"]
[Result "1-0"]
[Round "9"]
[TimeControl "180+1"]
[Date "2023.10.31"]
[WhiteClock "0:01:28"]
[BlackClock "0:00:00"]
[Board "132"]

1. e4 e6 2. d4 d5 3. Bd3 b6 4. exd5 exd5 5. Nf3 Bd6 6. O-O Ne7 7. Ne5 Bf5 8. Qh5 Bg6 9. Bxg6 Nxg6 10. Nxg6 fxg6 11. Qf3 Be7 12. Nc3 c6 13. Re1 Rf8 14. Qh3 h6 15. Qe6 Rf6 16. Qg8+ Kd7 17. Qxg7 Qf8 18. Bxh6 Qf7 19. Rxe7+ Qxe7 20. Qxe7+ Kxe7 21. Bg5 Nd7 22. Re1+ Kf7 23. Bxf6 Nxf6 24. f3 Rh8 25. Ne2 Re8 26. Kf2 Nh5 27. Ng3 Rxe1 28. Kxe1 Nf4 29. Kf2 Ne6 30. Ne2 c5 31. c3 Kf6 32. g4 a5 33. f4 a4 34. Kf3 c4 35. h4 Nc7 36. a3 Na6 37. g5+ Kg7 38. Kg4 Nc7 39. f5 b5 40. fxg6 1-0


[Site "https://www.chess.com"]

[Event "Titled Tuesday Blitz October 31 Early 2023"]
[White "Terletsky, Oleg"]
[Black "Ferrufino, Boris"]
[WhiteFideId "14116774"]
[BlackFideId "3300170"]
[WhiteElo "2479"]
[BlackElo "2172"]
[Result "1-0"]
[Round "9"]
[TimeControl "180+1"]
[Date "2023.10.31"]
[WhiteClock "0:00:20"]
[BlackClock "0:01:05"]
[Board "133"]

1. e4 c5 2. Nf3 d6 3. d4 cxd4 4. Nxd4 Nf6 5. Nc3 g6 6. Bc4 Bg7 7. Be3 Nc6 8. f3 O-O 9. Qd2 Nxd4 10. Bxd4 Be6 11. Bb3 Qa5 12. O-O-O Bxb3 13. cxb3 Rfc8 14. Kb1 b5 15. Bxf6 Bxf6 16. Nd5 Qxd2 17. Nxf6+ Kg7 18. Nh5+ gxh5 19. Rxd2 Rc5 20. b4 Rc4 21. b3 Rc3 22. Rc1 Rac8 23. Rxc3 Rxc3 24. Rd5 a6 25. Kb2 Re3 26. a4 Re2+ 27. Kc3 Rxg2 28. axb5 axb5 29. Rxb5 Rxh2 30. Rg5+ Kh6 31. Rg8 Ra2 32. b5 Ra7 33. Kc4 h4 34. b6 Rb7 35. Kb5 h3 36. Rg3 h2 37. Rh3+ Kg5 38. Rxh2 h5 39. Kc6 Rb8 40. b7 f5 41. exf5 Kxf5 42. Rxh5+ Kf4 43. Rh3 e5 44. Kc7 Rg8 45. b8=Q Rxb8 46. Kxb8 d5 47. Kc7 d4 48. Kd6 d3 49. Kd5 d2 50. Rh1 Kxf3 51. Kxe5 Ke2 52. b4 d1=Q 53. Rxd1 Kxd1 54. b5 1-0


[Site "https://www.chess.com"]

[Event "Titled Tuesday Blitz October 31 Early 2023"]
[White "Quirke, Jeffrey"]
[Black "KorolDimitriy75"]
[WhiteFideId "2013029"]
[WhiteElo "2211"]
[BlackElo "2360"]
[Result "0-1"]
[Round "9"]
[TimeControl "180+1"]
[Date "2023.10.31"]
[WhiteClock "0:00:00"]
[BlackClock "0:00:19"]
[Board "134"]

1. e4 c5 2. c3 d5 3. exd5 Qxd5 4. d4 cxd4 5. cxd4 Nc6 6. Nf3 e5 7. Nc3 Bb4 8. Bd2 Bxc3 9. Bxc3 e4 10. Ne5 Nxe5 11. dxe5 Ne7 12. Qd4 O-O 13. Bc4 Qxd4 14. Bxd4 Nc6 15. Bc3 Re8 16. O-O-O Bg4 17. Rde1 Nxe5 18. Bxe5 Rxe5 19. Kd2 Rc8 20. Bb3 Be6 21. Ke3 Bxb3 22. axb3 Rb5 23. Rc1 Rxb3+ 24. Kxe4 Re8+ 25. Kf4 Rxb2 26. Kf3 g6 27. Rc7 Ree2 28. Rf1 a5 0-1


[Site "https://www.chess.com"]